TOP OF THE 1ST |
Erie SeaWolves batting - Pitching for Chattanooga Lookouts : LHP Kazuo Nishihara
|
Pitching: LHP Kazuo Nishihara
|
|
Batting: RHB Yaremka Rzhevsky
|
0-0: Ground out 1-3 (Groundball, 13S, EV 66.3 MPH)
|
Batting: RHB Ken DiFerdinando
|
0-0: Foul Ball, location: 2F 0-1: Ball 1-1: Ball 2-1: Ball 3-1: Ground out 6-3 (Groundball, 6, EV 103.1 MPH)
|
Batting: RHB Dan Becvar
|
0-0: Ball 1-0: Foul Ball, location: 2F 1-1: SINGLE (Line Drive, 89S, EV 92.5 MPH)
|
Batting: RHB Jordan Mejias
|
0-0: Ball Dan Becvar is caught stealing 2nd base 2-4
|
Top of the 1st over - 0 runs, 1 hit, 0 errors, 0 left on base; Erie 0 - Chattanooga 0 |
BOTTOM OF THE 1ST |
Chattanooga Lookouts batting - Pitching for Erie SeaWolves : RHP Jason Mucci
|
Pitching: RHP Jason Mucci
|
|
Batting: LHB Marius Tadini
|
0-0: Ball 1-0: Ground out 6-3 (Groundball, 56, EV 84.4 MPH)
|
Batting: RHB Ruben Martinez
|
0-0: Ball 1-0: Ball 2-0: Ball 3-0: Called Strike 3-1: Base on Balls
|
Batting: LHB Matt Robertson
|
0-0: Fly out, F8 (Line Drive, 8LM, EV 88.1 MPH)
|
Batting: RHB Justin Allison
|
0-0: Swinging Strike 0-1: SINGLE (Flyball, 56D, EV 90.6 MPH) Ruben Martinez to second
|
Batting: RHB Masaichi Tokunaga
|
0-0: Ball 1-0: Foul Ball, location: 2F 1-1: Ball 2-1: Foul Ball, location: 2F 2-2: Strikes out swinging
|
Bottom of the 1st over - 0 runs, 1 hit, 0 errors, 2 left on base; Erie 0 - Chattanooga 0 |
TOP OF THE 2ND |
Erie SeaWolves batting - Pitching for Chattanooga Lookouts : LHP Kazuo Nishihara
|
Batting: RHB Jordan Mejias
|
0-0: Ball 1-0: Foul Ball, location: 2F 1-1: Called Strike 1-2: SINGLE (Line Drive, 34D, EV 103.8 MPH)
|
Batting: RHB Jon Pierce
|
0-0: Fly out, F7 (Flyball, 78S, EV 78.8 MPH)
|
Batting: LHB Luis Dominguez
|
0-0: Grounds out, U3 (Groundball, 3L, EV 80.6 MPH)
|
Batting: SHB Mike Kirk
|
0-0: Foul Ball, location: 2F 0-1: Foul Ball, location: 2F 0-2: Ball 1-2: Ball 2-2: Strikes out swinging
|
Top of the 2nd over - 0 runs, 1 hit, 0 errors, 1 left on base; Erie 0 - Chattanooga 0 |
BOTTOM OF THE 2ND |
Chattanooga Lookouts batting - Pitching for Erie SeaWolves : RHP Jason Mucci
|
Batting: LHB Kozo Kanamori
|
0-0: Foul Ball, location: 2F 0-1: Ball 1-1: Foul Ball, location: 2F 1-2: Strikes out swinging
|
Batting: RHB Bobby Paredes
|
0-0: Called Strike 0-1: Ground out 5-3 (Groundball, 5L, EV 99.4 MPH)
|
Batting: RHB Julian de Reus
|
0-0: SINGLE (Line Drive, 8LS, EV 104.4 MPH)
|
Batting: RHB Francisque Regras
|
0-0: Called Strike 0-1: Swinging Strike 0-2: Foul Ball, location: 2F 0-2: Ball 1-2: Fielders Choice at 2nd, 5-4 (Groundball, 56, EV 86.3 MPH)
|
Bottom of the 2nd over - 0 runs, 1 hit, 0 errors, 1 left on base; Erie 0 - Chattanooga 0 |
TOP OF THE 3RD |
Erie SeaWolves batting - Pitching for Chattanooga Lookouts : LHP Kazuo Nishihara
|
Batting: LHB Oscar Gonzalez
|
0-0: Ball 1-0: Foul Ball, location: 2F 1-1: Foul Ball, location: 2F 1-2: Ball 2-2: Ball 3-2: Foul Ball, location: 2F 3-2: Strikes out swinging
|
Batting: LHB Adam Lancaster
|
0-0: Called Strike 0-1: SINGLE (Groundball, 3L, EV 107.5 MPH) (infield hit)
|
Batting: RHB Yaremka Rzhevsky
|
0-0: Ball 1-0: Ball 2-0: TRIPLE (Flyball, 89XD, EV 98.8 MPH) Adam Lancaster scores
|
Batting: RHB Ken DiFerdinando
|
0-0: Ground out 5-3 (Groundball, 56, EV 79.4 MPH) Yaremka Rzhevsky scores
|
Batting: RHB Dan Becvar
|
0-0: Ball 1-0: Fly out, F6 (Popup, 6M, EV 54.4 MPH)
|
Top of the 3rd over - 2 runs, 2 hits, 0 errors, 0 left on base; Erie 2 - Chattanooga 0 |
BOTTOM OF THE 3RD |
Chattanooga Lookouts batting - Pitching for Erie SeaWolves : RHP Jason Mucci
|
Batting: LHB Marius Tadini
|
0-0: Ball 1-0: Called Strike 1-1: Ball 2-1: Foul Ball, location: 2F 2-2: Foul Ball, location: 2F 2-2: Foul Ball, location: 2F 2-2: Ball 3-2: Fly out, F7 (Flyball, 7D, EV 90.0 MPH)
|
Batting: RHB Ruben Martinez
|
0-0: Ball 1-0: SINGLE (Groundball, 6D, EV 96.9 MPH)
|
Batting: LHB Matt Robertson
|
0-0: Ball 1-0: Ball 2-0: Ball 3-0: Called Strike 3-1: Base on Balls Ruben Martinez to second
|
Batting: RHB Justin Allison
|
0-0: Called Strike 0-1: Swinging Strike 0-2: Strikes out looking
|
Batting: RHB Masaichi Tokunaga
|
0-0: Ball 1-0: Ground out 4-3 (Groundball, 34, EV 86.3 MPH)
|
Bottom of the 3rd over - 0 runs, 1 hit, 0 errors, 2 left on base; Erie 2 - Chattanooga 0 |
TOP OF THE 4TH |
Erie SeaWolves batting - Pitching for Chattanooga Lookouts : LHP Kazuo Nishihara
|
Batting: RHB Jordan Mejias
|
0-0: Foul Ball, location: 2F 0-1: Ball 1-1: Ball 2-1: Fly out, F4 (Line Drive, 4, EV 64.4 MPH)
|
Batting: RHB Jon Pierce
|
0-0: Ball 1-0: Ball 2-0: Foul Ball, location: 2F 2-1: Called Strike 2-2: Strikes out swinging
|
Batting: LHB Luis Dominguez
|
0-0: Ball 1-0: Ball 2-0: Foul Ball, location: 2F 2-1: Ball 3-1: Fly out, F5 (Line Drive, 5, EV 68.8 MPH)
|
Top of the 4th over - 0 runs, 0 hits, 0 errors, 0 left on base; Erie 2 - Chattanooga 0 |
BOTTOM OF THE 4TH |
Chattanooga Lookouts batting - Pitching for Erie SeaWolves : RHP Jason Mucci
|
Batting: LHB Kozo Kanamori
|
0-0: Called Strike 0-1: Foul Ball, location: 2F 0-2: Ball 1-2: Strikes out swinging
|
Batting: RHB Bobby Paredes
|
0-0: Ball 1-0: Ball 2-0: Ball 3-0: Base on Balls
|
Batting: RHB Julian de Reus
|
0-0: Fly out, F4 (Line Drive, 4, EV 69.4 MPH)
|
Batting: RHB Francisque Regras
|
0-0: Foul Ball, location: 2F 0-1: DOUBLE (Groundball, 5L, EV 102.5 MPH) Bobby Paredes to third
|
Batting: LHB Marius Tadini
|
0-0: Ball 1-0: Ball 2-0: Ball 3-0: Called Strike 3-1: Base on Balls
|
Batting: RHB Ruben Martinez
|
0-0: Ball 1-0: Swinging Strike 1-1: Foul Ball, location: 2F 1-2: Ball 2-2: Foul Ball, location: 2F 2-2: Foul Ball, location: 2F 2-2: Ball 3-2: Foul Ball, location: 2F 3-2: Base on Balls Bobby Paredes scores Francisque Regras to third Marius Tadini to second
|
Batting: LHB Matt Robertson
|
0-0: Ball 1-0: Fielders Choice at 2nd, 5-4 (Groundball, 56, EV 99.4 MPH)
|
Bottom of the 4th over - 1 run, 1 hit, 0 errors, 3 left on base; Erie 2 - Chattanooga 1 |
TOP OF THE 5TH |
Erie SeaWolves batting - Pitching for Chattanooga Lookouts : LHP Kazuo Nishihara
|
Batting: SHB Mike Kirk
|
0-0: Ball 1-0: Foul Ball, location: 2F 1-1: Foul Ball, location: 2F 1-2: Ball 2-2: Fly out, F8 (Flyball, 8RM, EV 91.3 MPH)
|
Batting: LHB Oscar Gonzalez
|
0-0: Ball 1-0: Called Strike 1-1: Foul Ball, location: 2F 1-2: SINGLE (Flyball, 3D, EV 90.0 MPH)
|
Batting: LHB Adam Lancaster
|
0-0: Ball 1-0: Ball 2-0: Foul Ball, location: 2F 2-1: Grounds into double play, 5-4-3 (Groundball, 5, EV 88.1 MPH)
|
Top of the 5th over - 0 runs, 1 hit, 0 errors, 0 left on base; Erie 2 - Chattanooga 1 |
BOTTOM OF THE 5TH |
Chattanooga Lookouts batting - Pitching for Erie SeaWolves : RHP Jason Mucci
|
Batting: RHB Justin Allison
|
0-0: Ball 1-0: Foul Ball, location: 2F 1-1: Ball 2-1: Ball 3-1: Foul Ball, location: 2F 3-2: SINGLE (Groundball, 56D, EV 103.1 MPH)
|
Batting: RHB Masaichi Tokunaga
|
0-0: Ball 1-0: Foul Ball, location: 2F 1-1: SINGLE (Line Drive, 4MD, EV 98.1 MPH) Justin Allison to second
|
Batting: LHB Kozo Kanamori
|
0-0: Grounds into double play, 4-6-3 (Groundball, 4, EV 86.3 MPH) Justin Allison to third
|
Batting: RHB Bobby Paredes
|
0-0: Called Strike 0-1: Ball 1-1: Ball 2-1: Ball 3-1: Swinging Strike 3-2: Base on Balls
|
Pitching: LHP Jim Daum
|
|
Batting: RHB Julian de Reus
|
0-0: Swinging Strike 0-1: Hit by Pitch Bobby Paredes to second
|
Batting: RHB Francisque Regras
|
0-0: Ball 1-0: Called Strike 1-1: Called Strike 1-2: Ball 2-2: Strikes out swinging
|
Bottom of the 5th over - 0 runs, 2 hits, 0 errors, 3 left on base; Erie 2 - Chattanooga 1 |
TOP OF THE 6TH |
Erie SeaWolves batting - Pitching for Chattanooga Lookouts : LHP Kazuo Nishihara
|
Batting: RHB Yaremka Rzhevsky
|
0-0: Ball 1-0: Foul Ball, location: 2F 1-1: Called Strike 1-2: Strikes out looking
|
Batting: RHB Ken DiFerdinando
|
0-0: Fly out, F8 (Flyball, 8LD, EV 90.0 MPH)
|
Batting: RHB Dan Becvar
|
0-0: Called Strike 0-1: Ball 1-1: SINGLE (Line Drive, 8RS, EV 100.6 MPH)
|
Batting: RHB Jordan Mejias
|
0-0: Ball Dan Becvar steals 2nd, throwing error, E2 Dan Becvar to third 1-0: Ball 2-0: Ground out 4-3 (Groundball, 4S, EV 91.3 MPH)
|
Top of the 6th over - 0 runs, 1 hit, 1 error, 1 left on base; Erie 2 - Chattanooga 1 |
BOTTOM OF THE 6TH |
Chattanooga Lookouts batting - Pitching for Erie SeaWolves : LHP Jim Daum
|
Pinch Hitting: RHB Isaiah Easter
|
0-0: Ball 1-0: Ball 2-0: SINGLE (Groundball, 56D, EV 101.3 MPH)
|
Batting: RHB Ruben Martinez
|
0-0: Ball 1-0: Ball 2-0: Ball 3-0: Called Strike 3-1: Fly out, F5 (Popup, 5, EV 70.6 MPH)
|
Batting: LHB Matt Robertson
|
0-0: Called Strike 0-1: SINGLE (Line Drive, 8RM, EV 88.8 MPH) Isaiah Easter to second
|
Batting: RHB Justin Allison
|
0-0: Called Strike 0-1: Ball Isaiah Easter steals 3rd base Matt Robertson to second 1-1: Swinging Strike 1-2: Ball 2-2: Ground out 6-3 (Groundball, 6, EV 81.9 MPH) Isaiah Easter scores Matt Robertson to third
|
Batting: RHB Masaichi Tokunaga
|
0-0: Called Strike 0-1: Ball 1-1: Called Strike 1-2: Foul Ball, location: 2F 1-2: Strikes out looking and he ARGUES THE CALL AND IS TOSSED!
|
Bottom of the 6th over - 1 run, 2 hits, 0 errors, 1 left on base; Erie 2 - Chattanooga 2 |
TOP OF THE 7TH |
Erie SeaWolves batting - Pitching for Chattanooga Lookouts : LHP Kazuo Nishihara
|
Now at 1B: Miguel Verduzco
|
|
Now in CF: Isaiah Easter
|
|
Batting: RHB Jon Pierce
|
0-0: Ball 1-0: Fly out, F7 (Flyball, 78XD, EV 111.3 MPH)
|
Batting: LHB Luis Dominguez
|
0-0: Ball 1-0: Ground out 4-3 (Groundball, 34, EV 103.8 MPH)
|
Batting: SHB Mike Kirk
|
0-0: Foul Ball, location: 2F 0-1: Ball 1-1: Called Strike 1-2: Strikes out looking
|
Top of the 7th over - 0 runs, 0 hits, 0 errors, 0 left on base; Erie 2 - Chattanooga 2 |
BOTTOM OF THE 7TH |
Chattanooga Lookouts batting - Pitching for Erie SeaWolves : LHP Jim Daum
|
Pitching: LHP Travis Sergo
|
|
Batting: LHB Kozo Kanamori
|
0-0: Ball 1-0: Ball 2-0: Ground out 4-3 (Groundball, 4, EV 100.0 MPH)
|
Batting: RHB Bobby Paredes
|
0-0: Ball 1-0: Ball 2-0: Foul Ball, location: 2F 2-1: SINGLE (Line Drive, 4M, EV 104.4 MPH)
|
Batting: RHB Julian de Reus
|
0-0: Ball 1-0: Called Strike 1-1: 2-RUN HOME RUN (Flyball, 78XD, EV 101.3 MPH), Distance : 400 ft
|
Batting: RHB Francisque Regras
|
0-0: Swinging Strike 0-1: Swinging Strike 0-2: Strikes out swinging
|
Batting: RHB Isaiah Easter
|
0-0: Fly out, F8 (Flyball, 8RD, EV 101.9 MPH)
|
Bottom of the 7th over - 2 runs, 2 hits, 0 errors, 0 left on base; Erie 2 - Chattanooga 4 |
TOP OF THE 8TH |
Erie SeaWolves batting - Pitching for Chattanooga Lookouts : LHP Kazuo Nishihara
|
Batting: LHB Oscar Gonzalez
|
0-0: Foul Ball, location: 2F 0-1: Ball 1-1: Ball 2-1: Called Strike 2-2: Strikes out swinging
|
Batting: LHB Adam Lancaster
|
0-0: Swinging Strike 0-1: Ball 1-1: Ball 2-1: Ball 3-1: Base on Balls
|
Batting: RHB Yaremka Rzhevsky
|
0-0: Ball 1-0: Foul Ball, location: 2F 1-1: Fly out, F8 (Flyball, 8LS, EV 81.3 MPH)
|
Pitching: LHP Inkei Wakamatsu
|
|
Batting: RHB Ken DiFerdinando
|
0-0: Ball 1-0: Ball 2-0: Swinging Strike 2-1: Ball 3-1: Foul Ball, location: 2F 3-2: Strikes out swinging
|
Top of the 8th over - 0 runs, 0 hits, 0 errors, 1 left on base; Erie 2 - Chattanooga 4 |
BOTTOM OF THE 8TH |
Chattanooga Lookouts batting - Pitching for Erie SeaWolves : LHP Travis Sergo
|
Batting: RHB Ruben Martinez
|
0-0: Called Strike 0-1: Foul Ball, location: 2F 0-2: Foul Ball, location: 2F 0-2: Strikes out looking
|
Batting: LHB Matt Robertson
|
0-0: Called Strike 0-1: Swinging Strike 0-2: Ball 1-2: Strikes out swinging
|
Batting: RHB Justin Allison
|
0-0: Foul Ball, location: 2F 0-1: SINGLE (Flyball, 7LS, EV 87.5 MPH)
|
Batting: RHB Miguel Verduzco
|
0-0: Called Strike 0-1: 2-RUN HOME RUN (Flyball, 7LD, EV 98.1 MPH), Distance : 359 ft
|
Pitching: RHP Justin Packard
|
|
Batting: LHB Kozo Kanamori
|
0-0: Called Strike 0-1: Called Strike 0-2: Ball 1-2: Strikes out swinging
|
Bottom of the 8th over - 2 runs, 2 hits, 0 errors, 0 left on base; Erie 2 - Chattanooga 6 |
TOP OF THE 9TH |
Erie SeaWolves batting - Pitching for Chattanooga Lookouts : LHP Inkei Wakamatsu
|
Batting: RHB Dan Becvar
|
0-0: Called Strike 0-1: Ball 1-1: Foul Ball, location: 2F 1-2: Ball 2-2: Fly out, F8 (Flyball, 89D, EV 106.3 MPH)
|
Batting: RHB Jordan Mejias
|
0-0: Ground out 6-3 (Groundball, 6, EV 101.3 MPH)
|
Batting: RHB Jon Pierce
|
0-0: Swinging Strike 0-1: Fly out, F3 (Popup, 3SF, EV 85.0 MPH)
|
Top of the 9th over - 0 runs, 0 hits, 0 errors, 0 left on base; Erie 2 - Chattanooga 6 |
|